 Dungeon Crawl Stone Soup version 0.29.0-11-gd7f09526c8 (webtiles) character file.

Game seed: 10105991868304282060

38 hito the Vexing (level 3, -1/27 HPs)
             Began as a Formicid Arcane Marksman on Sept 4, 2022.
             Slain by a gnoll
             ... wielding a +0 whip
              (3 damage)
             ... on level 2 of the Dungeon.
             The game lasted 00:03:36 (1364 turns).

hito the Vexing (Formicid Arcane Marksman)          Turns: 1364, Time: 00:03:37

Health: -1/27      AC:  2    Str: 14    XL:     3   Next: 65%
Magic:  2/4        EV: 12    Int: 12    God:
Gold:   28         SH:  0    Dex: 16    Spells: 0/4 levels left

rFire   . . .      SeeInvis +   a - +1 sling
rCold   . . .      Faith    .   (no shield)
rNeg    . . .      Spirit   .   c - +0 robe
rPois   .          Reflect  .   (helmet unavailable)
rElec   .          Harm     .   (no cloak)
rCorr   .          Rampage  .   (no gloves)
Will    .....                   (no boots)
Stlth   +.........              (no amulet)
HPRegen 0.09/turn               (no ring)
MPRegen 0.09/turn               (no ring)

@: no status effects
A: permanent stasis, dig shafts and tunnels, antennae 3, four strong arms
a: Dig, Shaft Self


You were on level 2 of the Dungeon.
You visited 1 branch of the dungeon, and saw 2 of its levels.

You collected 28 gold pieces.

Inventory:

Hand Weapons
 a - a +1 sling (weapon)
Armour
 c - a +0 robe (worn)
Scrolls
 b - 2 scrolls of poison
 d - 2 scrolls of butterflies {unknown}
 e - a scroll of enchant weapon {unknown}
 g - a scroll of immolation {unknown}
 h - a scroll of blinking {unknown}
Potions
 f - a potion of resistance {unknown}
 i - a potion of mutation {unknown}
 j - a potion of might {unknown}
 k - a potion of curing {unknown}


   Skills:
 + Level 1.7 Fighting
 + Level 3.3 Ranged Weapons
 - Level 1.7 Dodging
 - Level 1.1 Spellcasting
 + Level 3.8 Hexes


You couldn't memorise any spells.
You knew the following spells:

 Your Spells              Type           Power      Damage    Failure   Level
a - Slow                  Hex            36%        N/A       6%          1
b - Portal Projectile     Hex/Tloc       10%        N/A       38%         3

Your spell library contained the following spells:

 Spells                   Type           Power      Damage    Failure   Level
 Necrotise                Necr           0%         1d4       30%         1
 Inner Flame              Hex/Fire       5%         N/A       38%         3
 Cause Fear               Hex            4%         N/A       52%         4
 Vampiric Draining        Necr           0%         2d6       65%         3
 Agony                    Necr           0%         N/A       100%        5


Dungeon Overview and Level Annotations

Branches:
Dungeon (2/15)

Altars:

Annotations:
D:1 exclusion: downstairs


Innate Abilities, Weirdness & Mutations

You cannot be hasted, slowed, berserked, paralysed or teleported.
You can dig through walls and to a lower floor.
You have a pair of large antennae on your head. (SInv)
Your four strong arms can wield two-handed weapons with a shield.


Message History

You shoot a sling bullet.
The sling bullet hits the gnoll but does no damage.
The gnoll is moderately wounded.
You hear a shout!
The gnoll hits you with a +0 flail.
You are too injured to fight recklessly!
Casting: Slow (safe; 6% risk of failure)
Confirm with . or Enter, or press ? or * to list all spells.
Aiming: Slow (safe; 6% risk of failure)
Press: ? - help, Shift-Dir - straight line, f/p - gnoll
Aim: a gnoll, wielding a +0 flail (moderately wounded, chance to affect: 55%)
The gnoll seems to slow down.
A gnoll comes into view. It is wielding a +0 club.
The gnoll hits you with a +0 flail!
* * * LOW HITPOINT WARNING * * *
Casting: Slow (safe; 6% risk of failure)
Confirm with . or Enter, or press ? or * to list all spells.
You don't know that spell.
Casting: Slow (safe; 6% risk of failure)
Confirm with . or Enter, or press ? or * to list all spells.
You don't know that spell.
Unknown command.
Casting: Slow (safe; 6% risk of failure)
Confirm with . or Enter, or press ? or * to list all spells.
You don't know that spell.
Casting: Slow (safe; 6% risk of failure)
Confirm with . or Enter, or press ? or * to list all spells.
Aiming: Slow (safe; 6% risk of failure)
Press: ? - help, Shift-Dir - straight line, f - gnoll, p - gnoll
Aim: a gnoll, wielding a +0 whip (chance to affect: 55%)
The gnoll resists with significant effort.
The gnoll attacks as you move away! The gnoll hits you with a +0 whip.
* * * LOW HITPOINT WARNING * * *
Casting: Slow (safe; 6% risk of failure)
Confirm with . or Enter, or press ? or * to list all spells.
You don't know that spell.
You aren't wearing any rings or amulets.
Okay, then.
The gnoll attacks as you move away! The gnoll hits you with a +0 whip.
You die...

#.#.## # #..## #.##.g#
#.###.# #.# #S# #.# #g#
#.# #.# #.## #.# #.# #.g#
#.# #.####@##
#.#########..###..#
#.#...........###.##
#.#.#.....#.#.# #..#
#.#.#.....#.#.####†#
..#.#.....#.#..###.##
....#.....#.##......#####
....#######.####..........
...## #.# #.##..#####


You could see 3 gnolls and a ball python.

Vanquished Creatures
  An adder (D:2)
  A worm (D:2)
  3 endoplasms
  A giant cockroach (D:1)
  2 goblins
  A hobgoblin (D:1)
  3 jackals (D:2)
  A quokka (D:1)
  A ball python (D:2)
  4 bats
  A frilled lizard (D:2)
  4 kobolds
  3 rats
26 creatures vanquished.

Vanquished Creatures (others)
  11 plants (D:2)
  12 withered plants (D:2)
23 creatures vanquished.

Grand Total: 49 creatures vanquished

Notes
Turn   | Place    | Note
-------+----------+-------------------------------------------
     0 | D:1      | hito the Formicid Arcane Marksman began the quest for the
                  | Orb.
     0 | D:1      | Reached XP level 1. HP: 15/15 MP: 2/2
   144 | D:1      | Reached XP level 2. HP: 21/21 MP: 3/3
   888 | D:2      | Reached XP level 3. HP: 21/26 MP: 2/4
   955 | D:2      | Learned a level 3 spell: Portal Projectile
  1191 | D:2      | Found a faded altar of an unknown god.
  1364 | D:2      | Slain by a gnoll

Illustrated notes

Levels and vault maps discovered:
D:1:      reono_arrival_forest_river, layout_basic, minmay_hedge_maze
D:2:      layout_basic, shapermc_ecumenical_altar_flowoftime

Skill      XL: |  1  2 |
---------------+-------+-----
Ranged Weapons | 3 |  3.3
Fighting       | |  1.7
Dodging        | |  1.7
Spellcasting   | |  1.1
Hexes          | |  3.8

Action                   || total
-------------------------++-------
 Fire: Sling             ||    79
 Cast: Slow              ||     5
Armor: Robe              ||     8
Dodge: Dodged            ||    40
